Map: Acropolis LE

Players

HellraiseR

  • Race: Protoss Protoss
  • Spawn Location: 5:00

Zest - Winner!

  • Race: Protoss Protoss
  • League: Master
  • Spawn Location: 11:00

Event: HomeStory Cup XX

VOD

Have the link to the VOD?

Description

Time

  • Played on: Nov. 22, 2019, 5:50 a.m.
  • Length: 11:25

All games in this series

Show
View Real Time Build Order
Export as new Build Order

HellraiseR Protoss 

Build Orders: Phoenix Opening, Blink Stalkers 

Get SALT Encoding   

  12  0:00  Probe  
  13  0:12  Probe  
  14  0:17  Pylon  
  14  0:23  Probe  
  15  0:31  Probe  
  15  0:36  Gateway  
  15  0:39  Probe  
  16  0:45  Assimilator  
  17  0:51  Probe  
  17  0:54  Assimilator  
  18  0:59  Probe  
  19  1:07  Probe, Gateway  
  20  1:17  Probe  
  20  1:23  Cybernetics Core  
  21  1:29  Probe  
  22  1:37  Pylon  
  22  1:41  Probe  
  23  1:52  Warp Gate  
  23  1:55  Probe  
  23  2:00  Stalker, Sentry  
  28  2:07  Probe  
  29  2:10  Pylon  
  29  2:26  Stalker  
  31  2:30  Stalker  
  31  2:34  Phoenix  
  33  2:48  Nexus  
  33  2:54  Probe  
  34  3:03  Twilight Council  
  34  3:06  Probe  
  34  3:12  Pylon  
  35  3:19  Pylon  
  35  3:22  Blink  
  35  3:26  Probe  
  34  3:38  Probe  
  35  3:45  Stalker x2  
  39  3:50  Probe  
  40  4:00  Pylon  
  40  4:02  Probe  
  40  4:08  Stalker x2  
  40  4:09  Probe  
  44  4:15  Probe  
  46  4:17  Probe  
  47  4:26  Forge  
  47  4:29  Probe x2  
  49  4:39  Stalker  
  49  4:41  Probe  
  49  4:43  Probe  
  52  4:46  Pylon  
  52  4:51  Protoss Ground Weapons Level 1  
  52  4:53  Probe  
  52  4:54  Probe  
  54  5:05  Probe  
  55  5:07  Probe, Gateway  
  55  5:10  Gateway  
  55  5:12  Resonating Glaives  
  56  5:14  Sentry  
  56  5:17  Probe  
  57  5:28  Probe  
  58  5:29  Probe  
  59  5:37  Shield Battery  
  59  5:39  Shield Battery  
  59  5:40  Probe  
  59  5:41  Probe  
  61  5:47  Photon Cannon  
  61  5:49  Stalker x2  
  65  5:52  Probe  
  65  5:53  Probe  
  65  5:54  Pylon  
  67  6:04  Probe  
  67  6:05  Shield Battery  
  68  6:11  Probe  
  68  6:13  Robotics Facility  
  68  6:16  Stalker x2  
  68  6:17  Assimilator  
  73  6:22  Photon Cannon  
  73  6:23  Stalker  
  75  6:27  Stalker  
  75  6:31  Pylon  
  77  6:44  Gateway  
  77  6:45  Gateway  
  77  6:52  Stalker x2  
  77  6:53  Stalker  
  81  7:03  Immortal  
  81  7:07  Pylon  
  85  7:10  Probe  
  85  7:22  Robotics Bay, Protoss Ground Weapons Level 2  
  85  7:26  Nexus  
  83  7:30  Probe  
  83  7:31  Probe  
  85  7:37  Assimilator  
  85  7:42  Robotics Facility  
  85  7:44  Probe x2  
  85  7:51  Adept x3  
  89  8:01  Disruptor  
  89  8:06  Zealot  
  89  8:09  Pylon  
  94  8:15  Pylon  
  94  8:16  Gateway  
  94  8:20  Disruptor  
  94  8:21  Pylon  
  94  8:27  Disruptor  
  93  8:40  Pylon x2  
  95  8:41  Pylon  
  95  8:45  Pylon  
  93  8:57  Disruptor  
  93  8:59  Stalker, Warp Prism  
  93  9:00  Stalker  
  100  9:07  Pylon  
  102  9:22  Dark Shrine, Nexus  
  102  9:26  Pylon, Probe x2  
  107  9:43  Colossus  
  110  9:47  Probe x2  
  110  9:48  Colossus  
  112  9:59  Probe  
  120  10:00  Probe  
  120  10:06  Pylon  
  118  10:09  Shield Battery  
  118  10:11  Probe  
  117  10:16  Gateway  
  115  10:27  Gateway, Colossus  
  115  10:29  Gateway  
  115  10:31  Colossus  
  121  10:46  Shield Battery  
  121  10:49  Probe  
  128  10:51  Pylon  
  128  10:52  Probe  
  128  10:53  Probe  
  115  11:09  Stalker  
  115  11:10  Stalker x4  
Show
View Real Time Build Order
Export as new Build Order

Zest Protoss - Winner!

Build Orders: Oracle Opening, Archon Immortal 

Get SALT Encoding   

  12  0:00  Probe  
  13  0:12  Probe  
  14  0:17  Pylon  
  14  0:24  Probe  
  15  0:32  Probe  
  15  0:36  Gateway  
  15  0:40  Probe  
  16  0:45  Assimilator  
  17  0:51  Probe  
  17  0:54  Assimilator  
  18  0:59  Probe  
  19  1:06  Gateway  
  19  1:07  Probe  
  19  1:17  Probe  
  20  1:23  Cybernetics Core  
  21  1:29  Probe  
  22  1:35  Pylon  
  22  1:41  Probe  
  23  1:53  Probe  
  24  2:00  Stargate  
  24  2:01  Warp Gate  
  24  2:04  Stalker  
  26  2:13  Stalker  
  27  2:38  Oracle  
  27  2:39  Nexus  
  31  2:55  Pylon  
  30  2:58  Probe  
  31  3:07  Robotics Facility  
  31  3:16  Probe  
  31  3:19  Pylon  
  32  3:28  Probe  
  33  3:36  Probe  
  34  3:44  Probe  
  34  3:47  Probe  
  34  3:48  Immortal  
  34  3:53  Sentry  
  34  3:55  Probe x2  
  44  4:05  Probe  
  44  4:06  Sentry  
  44  4:07  Probe  
  48  4:18  Probe  
  48  4:19  Probe  
  48  4:21  Pylon  
  50  4:25  Immortal  
  50  4:30  Probe  
  56  4:31  Probe  
  56  4:34  Twilight Council  
  56  4:42  Probe  
  56  4:43  Probe  
  58  4:49  Assimilator  
  58  4:51  Pylon  
  58  4:54  Probe  
  58  4:55  Probe  
  60  5:03  Blink  
  60  5:07  Pylon, Immortal  
  60  5:14  Probe x2  
  66  5:31  Gateway  
  66  5:32  Gateway  
  66  5:33  Gateway  
  66  5:35  Gateway  
  66  5:43  Pylon  
  66  5:45  Sentry  
  66  5:46  Warp Prism  
  66  5:48  Stalker  
  72  5:55  Pylon  
  72  6:08  Stalker  
  74  6:11  Nexus  
  74  6:15  Probe x2  
  74  6:17  Forge  
  76  6:22  Assimilator, Observer  
  77  6:27  Probe x2  
  77  6:28  Shield Battery  
  77  6:31  Protoss Ground Weapons Level 1  
  79  6:39  Charge  
  79  6:42  Stalker  
  79  6:43  Stalker x4  
  89  7:03  Probe  
  89  7:04  Probe  
  89  7:07  Immortal  
  95  7:16  Probe x2  
  95  7:21  Pylon  
  97  7:24  Zealot x2  
  101  7:39  Probe x2  
  101  7:41  Templar Archives  
  101  7:44  Gateway  
  103  7:46  Gateway  
  103  7:55  Pylon, Probe x2  
  105  8:02  Zealot x6  
  117  8:08  Probe x3  
  117  8:09  Pylon  
  117  8:12  Pylon  
  120  8:21  Pylon  
  118  8:27  Protoss Ground Weapons Level 2  
  118  8:32  Zealot x6  
  128  8:40  Stargate  
  128  9:00  Pylon, Stargate  
  128  9:02  Pylon  
  128  9:03  Assimilator, Probe x3  
  128  9:04  Pylon, Assimilator  
  128  9:05  Pylon  
  128  9:09  Photon Cannon x2  
  131  9:10  High Templar x4  
  131  9:16  Phoenix  
  139  9:19  Pylon  
  141  9:25  Archon x2  
  141  9:28  Photon Cannon  
  141  9:31  High Templar  
  141  9:32  High Templar, Zealot x2  
  141  9:34  Gateway  
  141  9:35  Gateway  
  141  9:36  Archon  
  149  9:38  Phoenix  
  149  9:41  Phoenix  
  149  9:43  Nexus  
  153  9:53  Pylon  
  150  10:09  Phoenix x2  
  150  10:12  Zealot x6  
  166  10:32  High Templar x2, Zealot x3  
  166  10:33  Zealot  
  166  10:34  Phoenix x2  
  182  10:36  Archon  
  182  10:43  Zealot x4  
  154  11:04  Zealot x4  
  154  11:05  Zealot x5  
  156  11:16  Zealot  
Tags
 
Add a new tag
Caveats
  • Supply blocks, unpowered buildings, or Contaminate may cause inaccurate times.
  • Supply counts are checked every 10 seconds.